[Event "*** Titled Tuesday Blitz"]
[Site "Chess.com"]
[Date "2021.04.06"]
[Round "2"]
[White "ChampStan"]
[Black "KubaGepard"]
[Result "0-1"]
[WhiteElo "2015"]
[BlackElo "2375"]
[TimeControl "180+1"]
[EndTime "10:21:09 PDT"]
[Termination "KubaGepard won on time"]

1. d4 d5 2. c4 dxc4 3. Nf3 Nf6 4. e3 e6 5. Bxc4 c5 6. O-O Nc6 7. dxc5 Qc7 8. b3 Bxc5 9. Bb2 O-O 10. Nc3 a6 11. Rc1 Qe7 12. Bd3 h6 13. Qe2 Bd7 14.
Rfd1 Rfd8 15. Bb1 Rac8 16. h3 Ba7 17. Ne4 Nxe4 18. Bxe4 Be8 19. Bb1 Nb4 20. a3 Bb5 21. Rxc8 Rxc8 22. Qe1 Nd5 23. a4 Bc6 24. Ne5 Qg5 25.
Nxc6 bxc6 26. Be4 Rb8 27. Rd3 c5 28. Bxd5 exd5 29. Qd2 Rd8 30. e4 Qxd2 31. Rxd2 d4 32. Ba3 Kf8 33. Kf1 Ke7 34. Ke2 Ke6 35. Kd3 f5 36. exf5+ Kxf5 37. Re2 Kf6 38. Kc4 a5 39. f4 d3 40. Rd2 Rd4+ 41. Kc3 Rxf4 42. Rxd3 Rf2 43. Bb2 Rxg2 44. Rd7 Bb8 45. Ba3 Be5+ 46. Kc4 Rc2+ 47. Kb5 Rc3 48. Bxc5 Rxb3+ 49. Kxa5 Rxh3 50. Kb6 Rb3+ 51. Kc6 h5 52. a5 h4 53. a6 Rb8 54. a7 Ra8 55. Kb7 Rxa7+ 56. Kxa7 g5 57. Rd1 Kf5 58. Rf1+ Bf4 59. Be3 Ke4 60. Bg1 h3 61.
Kb7 g4 62. Bf2 Bd2 63. Bg3 Ke3 64. Kc6 Ke2 65. Rf5 Be1 66. Bxe1 Kxe1 67. Rg5 h2 68. Rxg4 h1=Q+ 69. Kc5 Qf3 70. Rd4 Ke2 71. Rd5 Qc3+ 72. Kd6 Ke3 73. Re5+ Kf4 74. Rd5 Ke4 75. Rc5 Qd4+ 76. Kc6 Qb4 77. Rb5 Qc4+ 78. Rc5 Qa4+ 79. Rb5 Kd4 80. Kb6 Kc4 81. Rc5+ Kb4 82. Rc7 Qd1 83. Kb7 Qd5+ 84. Kb8 Qd6 85. Kb7 Kb5 86.
Rc8 Qd5+ 87. Kb8 Qd7 88. Rc7 Qd6 89. Kb7 Qd5+ 90. Kb8 Kb6 91. Rc6+ Kxc6 0-1

[Event "*** Titled Tuesday Blitz"]
[Site "Chess.com"]
[Date "2021.04.06"]
[Round "3"]
[White "mariofs"]
[Black "AwareIdea"]
[Result "0-1"]
[WhiteElo "2221"]
[BlackElo "2441"]
[TimeControl "180+1"]
[EndTime "10:22:22 PDT"]
[Termination "AwareIdea won by resignation"]

1. d4 d5 2. c4 e6 3. Nf3 Nf6 4. g3 Be7 5. Bg2 O-O 6. O-O dxc4 7. Qc2 a6 8. Qxc4 b5 9. Qc2 Bb7 10. Bd2 Nbd7 11. Qc1 c5 12. dxc5 Nxc5 13. Nc3 Rc8 14. Rd1 b4 15. Na4 Nxa4 0-1

[Event "*** Titled Tuesday Blitz"]
[Site "Chess.com"]
[Date "2021.04.06"]
[Round "3"]
[White "shnitez"]
[Black "jamalm2"]
[Result "1-0"]
[WhiteElo "2480"]
[BlackElo "2020"]
[TimeControl "180+1"]
[EndTime "10:22:59 PDT"]
[Termination "shnitez won by resignation"]

1. c4 c6 2. Nf3 d5 3. e3 Nf6 4. Nc3 e6 5. b3 a6 6. Bb2 Nbd7 7.
Qc2 Bd6 8. Be2 O-O 9. Rg1 b5 10.
g4 b4 11. g5 bxc3 12. gxf6 cxb2 13. Rxg7+ 1-0

[Event "*** Titled Tuesday Blitz"]
[Site "Chess.com"]
[Date "2021.04.06"]
[Round "3"]
[White "x-4605984566"]
[Black "BahadirOzen"]
[Result "1/2-1/2"]
[WhiteElo "2460"]
[BlackElo "2733"]
[TimeControl "180+1"]
[EndTime "10:23:02 PDT"]
[Termination "Game drawn by agreement"]

1. Nf3 g6 2. g3 Bg7 3. Bg2 d6 4.
O-O Nf6 5. c4 O-O 6. Nc3 c6 7.
Rb1 Bf5 8. d3 Qc8 9. Re1 Bh3 10.
Bh1 a5 11. a3 e5 12. b4 axb4 13. axb4 Re8 14. Nd2 Nbd7 15. b5 Qc7 16. Bb2 Be6 1/2-1/2

[Event "*** Titled Tuesday Blitz"]
[Site "Chess.com"]
[Date "2021.04.06"]
[Round "3"]
[White "Nachsueb"]
[Black "Giorno"]
[Result "0-1"]
[WhiteElo "2195"]
[BlackElo "2513"]
[TimeControl "180+1"]
[EndTime "10:23:05 PDT"]
[Termination "Giorno won by resignation"]

1. d4 d5 2. c4 e6 3. Nc3 c6 4. Nf3 Nf6 5. Bg5 Be7 6. e3 Nbd7 7. Qc2 O-O 8. Bd3 dxc4 9. Bxc4 b5 10. Bd3 a6 11. O-O h6 12. Bh4 c5 13. dxc5 Nxc5 14. Be2 Bb7 15. b4 Nce4 16. Nxe4 Bxe4 17. Qb2 Nd5 18. a3 Bxh4 0-1

[Event "*** Titled Tuesday Blitz"]
[Site "Chess.com"]
[Date "2021.04.06"]
[Round "3"]
[White "PolandHussars"]
[Black "fastestmindalive"]
[Result "1-0"]
[WhiteElo "2611"]
[BlackElo "2794"]
[TimeControl "180+1"]
[EndTime "10:23:14 PDT"]
[Termination "PolandHussars won by resignation"]

1. e4 c5 2. Ne2 Nc6 3. g3 Nf6 4. Bg2 d5 5. exd5 Nxd5 6. d4 e6 7. O-O Be7 8. dxc5 Bxc5 9. c4 Nf6 10. Qxd8+ Nxd8 11. a3 O-O 12. b4 Be7 13. Nbc3 a5 14. Rb1 axb4 15. axb4 e5 16. Be3 b6 17. Bxa8 1-0

[Event "*** Titled Tuesday Blitz"]
[Site "Chess.com"]
[Date "2021.04.06"]
[Round "3"]
[White "kingofthenil"]
[Black "BendyBear"]
[Result "1-0"]
[WhiteElo "2639"]
[BlackElo "2422"]
[TimeControl "180+1"]
[EndTime "10:23:30 PDT"]
[Termination "kingofthenil won by resignation"]

1. d4 Nf6 2. Nf3 c5 3. dxc5 Na6 4. Qd4 g6 5. e4 Bg7 6. e5 Ng8 7. Bxa6 Qa5+ 8. Nc3 bxa6 9. O-O Rb8 10. Bf4 Rxb2 11.
Rad1 Bb7 12. Qxd7+ 1-0

[Event "*** Titled Tuesday Blitz"]
[Site "Chess.com"]
[Date "2021.04.06"]
[Round "3"]
[White "eduardoperalta"]
[Black "LenkaPtacnikova"]
[Result "1-0"]
[WhiteElo "2501"]
[BlackElo "2196"]
[TimeControl "180+1"]
[EndTime "10:23:39 PDT"]
[Termination "eduardoperalta won by resignation"]

1. d4 Nf6 2. c4 e6 3. Nf3 Bb4+ 4. Nc3 O-O 5. e3 d5 6. Bd3 dxc4 7. Bxc4 c5 8. O-O Nc6 9. a3 cxd4 10. exd4 Bd6 11.
Bg5 h6 12. Bh4 Be7 13. Bd3 b6 14. Re1 Bb7 15. Bc2 Rc8 16. Qd3 g6 17. Rxe6 fxe6 18. Qxg6+ Kh8 19. Bxf6+ 1-0

[Event "*** Titled Tuesday Blitz"]
[Site "Chess.com"]
[Date "2021.04.06"]
[Round "3"]
[White "barbara25"]
[Black "woodhy"]
[Result "0-1"]
[WhiteElo "2178"]
[BlackElo "2430"]
[TimeControl "180+1"]
[EndTime "10:23:42 PDT"]
[Termination "woodhy won by resignation"]

1. e4 e6 2. d4 d5 3. Nc3 Bb4 4. e5 c5 5. a3 Bxc3+ 6. bxc3 Ne7 7. Qg4 Qc7 8. Qxg7 Rg8 9. Qxh7 cxd4 10. Ne2 Nbc6 11. f4 dxc3 12. h3 Bd7 13. g4 d4 14.
Qd3 O-O-O 15. Bg2 Be8 16. Rb1 a6 17. Ng3 Ng6 18. Ne4 Ngxe5 19. fxe5 Nxe5 20. Qe2 d3 21. cxd3 Nxd3+ 22. Kf1 Bb5 23. Rxb5 axb5 24. Be3 c2 25.
Bf3 c1=Q+ 26. Bxc1 Qxc1+ 27. Kg2 Nf4+ 28. Kf2 Nxe2 0-1

[Event "*** Titled Tuesday Blitz"]
[Site "Chess.com"]
[Date "2021.04.06"]
[Round "3"]
[White "mac0504"]
[Black "Matols"]
[Result "1-0"]
[WhiteElo "2526"]
[BlackElo "2293"]
[TimeControl "180+1"]
[EndTime "10:24:01 PDT"]
[Termination "mac0504 won by resignation"]

1. d4 Nf6 2. Bf4 e6 3. Nf3 c5 4. e3 d5 5. c3 Nc6 6. Nbd2 Bd6 7. Bg3 O-O 8. Be2 b6 9. O-O Bb7 10. Ne5 Qc7 11. f4 Ne4 12. Nxe4 dxe4 13. Nc4 f5 14. d5 Rae8 15. dxc6 1-0

[Event "*** Titled Tuesday Blitz"]
[Site "Chess.com"]
[Date "2021.04.06"]
[Round "3"]
[White "CSB7"]
[Black "AsaHoffmann"]
[Result "1-0"]
[WhiteElo "2679"]
[BlackElo "2350"]
[TimeControl "180+1"]
[EndTime "10:24:17 PDT"]
[Termination "CSB7 won by resignation"]

1. e4 d6 2. d4 Nf6 3. Nc3 c6 4.
g3 e5 5. Nge2 Qc7 6. Bg2 Be7 7.
O-O Nbd7 8. f4 b5 9. a3 a6 10. h3 Bb7 11. g4 c5 12. fxe5 dxe5 13. d5 O-O 14. Ng3 Ne8 15. Nf5 Nd6 16. Nxe7+ Kh8 17.
Nf5 1-0

[Event "*** Titled Tuesday Blitz"]
[Site "Chess.com"]
[Date "2021.04.06"]
[Round "3"]
[White "ChainsOfFantasia"]
[Black "rquery98"]
[Result "0-1"]
[WhiteElo "2427"]
[BlackElo "2652"]
[TimeControl "180+1"]
[EndTime "10:24:18 PDT"]
[Termination "rquery98 won by resignation"]

1. d4 Nf6 2. Nf3 g6 3. c4 Bg7 4. Nc3 d5 5. cxd5 Nxd5 6. e4 Nxc3 7. bxc3 c5 8. Bb5+ Nc6 9. Rb1 O-O 10. d5 Ne5 11.
Nxe5 Bxe5 12. Qd2 a6 13. Be2 e6 14. f4 Bc7 15. c4 Ba5 16. h4 Bxd2+ 17. Bxd2 exd5 18. cxd5 Re8 19. Bf3 Bf5 0-1

[Event "*** Titled Tuesday Blitz"]
[Site "Chess.com"]
[Date "2021.04.06"]
[Round "3"]
[White "shreyansshah123"]
[Black "MasterMK73"]
[Result "0-1"]
[WhiteElo "1631"]
[BlackElo "2270"]
[TimeControl "180+1"]
[EndTime "10:24:18 PDT"]
[Termination "MasterMK73 won by resignation"]

1. c4 e6 2. g3 d5 3. cxd5 exd5 4.
Bg2 Nf6 5. d4 c6 6. Nc3 Bd6 7.
Nf3 O-O 8. Bg5 Re8 9. e3 h6 10.
Bxf6 Qxf6 11. O-O Bg4 12. h3 Bh5 13. g4 Bg6 14. Nh4 Qxh4 15. f4 Be4 16. Nxe4 dxe4 17. Qb3 Qe7 18. d5 Bc5 19. Rae1 cxd5 20. Qxd5 Nc6 21.
a3 Rad8 22. Qa2 Rd3 0-1

[Event "*** Titled Tuesday Blitz"]
[Site "Chess.com"]
[Date "2021.04.06"]
[Round "3"]
[White "parintele_chess"]
[Black "GMaka"]
[Result "0-1"]
[WhiteElo "2244"]
[BlackElo "2469"]
[TimeControl "180+1"]
[EndTime "10:24:19 PDT"]
[Termination "GMaka won by resignation"]

1. e4 c6 2. d4 d5 3. f3 Qb6 4. Nc3 e5 5. exd5 exd4 6. Qe2+ Ne7 7. d6 dxc3 8. bxc3 Be6 9. dxe7 Bxe7 10. Be3 Qa5 11.
Bd4 O-O 12. Nh3 Nd7 13. g4 c5 14. Nf4 cxd4 15. Nxe6 Qxc3+ 16. Kf2 Bh4+ 17. Kg2 Rfe8 0-1

[Event "*** Titled Tuesday Blitz"]
[Site "Chess.com"]
[Date "2021.04.06"]
[Round "3"]
[White "Isajevsky_Anton"]
[Black "ri4mi"]
[Result "1-0"]
[WhiteElo "2551"]
[BlackElo "2354"]
[TimeControl "180+1"]
[EndTime "10:24:20 PDT"]
[Termination "Isajevsky_Anton won by resignation"]

1. c4 e6 2. Nf3 d5 3. e3 c6 4. Nc3 Nf6 5. Qc2 Nbd7 6. b3 e5 7. cxd5 cxd5 8. Nb5 Bc5 9. Nxe5 O-O 10. Nxd7 Nxd7 11.
Bb2 a6 12. Nd4 Nf6 13. Qxc5 Bg4 14. Bd3 Rc8 15. Qa3 Re8 16. O-O Qd7 17. f3 Bh5 18.
Bf5 Re6 19. Rac1 Rxc1 20. Rxc1 1-0

[Event "*** Titled Tuesday Blitz"]
[Site "Chess.com"]
[Date "2021.04.06"]
[Round "3"]
[White "Rodalquilar"]
[Black "googlegoom"]
[Result "1-0"]
[WhiteElo "2671"]
[BlackElo "2434"]
[TimeControl "180+1"]
[EndTime "10:24:24 PDT"]
[Termination "Rodalquilar won by resignation"]

1. d4 d5 2. Bf4 Nf6 3. e3 e6 4. Nf3 c5 5. Nbd2 Bd6 6. Bb5+ Nc6 7. Bg3 a6 8. Bxc6+ bxc6 9. c3 cxd4 10. cxd4 c5 11.
Bxd6 Qxd6 12. Qa4+ Bd7 13. Qa3 Ne4 14. Nxe4 dxe4 15.
Nd2 O-O 16. Qxc5 Qxc5 17. dxc5 Rfc8 18. Rc1 Rab8 19. b3 Rb5 20. Nxe4 Bc6 21. Nd6 Bxg2 22. Rg1 1-0

[Event "*** Titled Tuesday Blitz"]
[Site "Chess.com"]
[Date "2021.04.06"]
[Round "3"]
[White "Slovak_fighter2000"]
[Black "Susal_De_Silva"]
[Result "0-1"]
[WhiteElo "2489"]
[BlackElo "2683"]
[TimeControl "180+1"]
[EndTime "10:24:25 PDT"]
[Termination "Susal_De_Silva won by resignation"]

1. d4 Nf6 2. Bf4 e6 3. Nf3 d5 4. e3 Bd6 5. Bg3 O-O 6. Bd3 c5 7. c3 Nc6 8. Nbd2 b6 9. Qe2 Bb7 10. Rd1 c4 11. Bc2 b5 12. e4 Be7 13. a3 Nh5 14. exd5 exd5 15. Ng5 Bxg5 16. Qxh5 Re8+ 17. Kf1 g6 18. Qf3 Qe7 19. h4 Bxd2 0-1

[Event "*** Titled Tuesday Blitz"]
[Site "Chess.com"]
[Date "2021.04.06"]
[Round "3"]
[White "K_A_S_T_O_R"]
[Black "Skatchkov_V"]
[Result "0-1"]
[WhiteElo "2800"]
[BlackElo "2613"]
[TimeControl "180+1"]
[EndTime "10:24:34 PDT"]
[Termination "Skatchkov_V won by resignation"]

1. e4 e5 2. Nf3 d5 3. exd5 e4 4. Qe2 Nf6 5. d3 Qxd5 6. Nbd2 Nc6 7. Nxe4 Be6 8. Nc3 Bb4 9. Bd2 Bxc3 10. bxc3 O-O-O 11. c4 Qd7 12. O-O-O Rhe8 13. Qe3 Ng4 14. Qf4 Nxf2 15.
Ne5 Nxe5 16. Qxf2 Qa4 17. Bc3 Nxc4 18. Qc5 Na3 19. Rd2 Rd5 20. Qb4 Rb5 0-1

[Event "*** Titled Tuesday Blitz"]
[Site "Chess.com"]
[Date "2021.04.06"]
[Round "3"]
[White "SergioGarciaFuentes"]
[Black "UKR_Master"]
[Result "1/2-1/2"]
[WhiteElo "2321"]
[BlackElo "2525"]
[TimeControl "180+1"]
[EndTime "10:24:34 PDT"]
[Termination "Game drawn by agreement"]

1. Nf3 Nf6 2. g3 g6 3. Bg2 Bg7 4. O-O O-O 5. d4 d5 6. c4 dxc4 7. Na3 c3 8. bxc3 c5 9. Ne5 cxd4 10. cxd4 Nfd7 11. Nac4 Nxe5 12. Nxe5 Nd7 13. Nxd7 Qxd7 14. Bb2 e6 15. Qb3 1/2-1/2

[Event "*** Titled Tuesday Blitz"]
[Site "Chess.com"]
[Date "2021.04.06"]
[Round "3"]
[White "jucAxx"]
[Black "kidagent"]
[Result "0-1"]
[WhiteElo "2101"]
[BlackElo "2331"]
[TimeControl "180+1"]
[EndTime "10:24:38 PDT"]
[Termination "kidagent won by resignation"]

1. e4 c5 2. c3 d5 3. exd5 Qxd5 4. d4 Nf6 5. Nf3 Bg4 6. Be2 Nc6 7. Na3 a6 8. O-O cxd4 9. cxd4 e6 10. Nc2 O-O-O 11.
Ne3 Qh5 12. Nxg4 Qxg4 13. Ne5 Qxd4 14. Nxc6 Qxd1 15. Rxd1 Rxd1+ 16. Bxd1 bxc6 17. Bf4 Nd5 18. Bd2 Kb7 19. Rc1 Bd6 20. Ba4 Rc8 21. a3 Nb6 22. Bc2 Be5 23. b3 Bb2 24. Rb1 Bxa3 25. Bxh7 g6 26. Bc3 Nd5 27. Ba1 Be7 28. h4 Bxh4 29. g3 Bf6 30. f4 Bxa1 31. Rxa1 0-1

[Event "*** Titled Tuesday Blitz"]
[Site "Chess.com"]
[Date "2021.04.06"]
[Round "3"]
[White "SHIVACalypso"]
[Black "Shahaliyev"]
[Result "0-1"]
[WhiteElo "2405"]
[BlackElo "2653"]
[TimeControl "180+1"]
[EndTime "10:24:39 PDT"]
[Termination "Shahaliyev won by resignation"]

1. Nf3 d6 2. c4 Nf6 3. g3 c6 4. Bg2 g6 5. O-O Bg7 6. Nc3 O-O 7. d3 Bg4 8. Rb1 a5 9. a3 Na6 10.
b4 axb4 11. axb4 Nd7 12. Bb2 Nxb4 13. Qb3 c5 14. h3 Bxf3 15. Bxf3 Rb8 16. Ba3 Ne5 17. Bg2 Nec6 18. Na2 Nd4 0-1

[Event "*** Titled Tuesday Blitz"]
[Site "Chess.com"]
[Date "2021.04.06"]
[Round "3"]
[White "DamianoLew95"]
[Black "Kotofeyca"]
[Result "0-1"]
[WhiteElo "2548"]
[BlackElo "2389"]
[TimeControl "180+1"]
[EndTime "10:24:43 PDT"]
[Termination "Kotofeyca won by resignation"]

1. e4 c5 2. Nf3 d6 3. Bb5+ Bd7 4. Bxd7+ Qxd7 5. O-O Nf6 6. Re1 Nc6 7. c3 e6 8. d4 cxd4 9. cxd4 d5 10. e5 Ne4 11.
Nbd2 Nxd2 12. Qxd2 Bb4 13. Qg5 Bxe1 14. Qxg7 O-O-O 15. Nxe1 Nxd4 16. Bg5 Rdg8 17. Qh6 Rg6 18. Qh5 Rhg8 19. Bf6 Qb5 20. b3 Ne2+ 21. Kh1 Nf4 0-1

[Event "*** Titled Tuesday Blitz"]
[Site "Chess.com"]
[Date "2021.04.06"]
[Round "3"]
[White "Romadk"]
[Black "Rodchenkov_Vitalij"]
[Result "1/2-1/2"]
[WhiteElo "2345"]
[BlackElo "2175"]
[TimeControl "180+1"]
[EndTime "10:24:44 PDT"]
[Termination "Game drawn by agreement"]

1. d4 Nf6 2. Nf3 e6 3. g3 b5 4. Bg2 Bb7 5. O-O c5 6. Bg5 cxd4 7. Bxf6 Qxf6 8. Qxd4 Qxd4 9. Nxd4 Bxg2 10. Kxg2 a6 11. c3 Nc6 12. Rd1 Nxd4 13. Rxd4 d5 14. a4 Bc5 15. Rd3 b4 16. cxb4 Bxb4 17. Rb3 a5 18.
Nc3 O-O 19. Nb5 Rfc8 20. Kf3 Rc2 21. Rd1 Rac8 22. Nd4 R2c4 23. Nb5 Rc2 24. Nd4 1/2-1/2

[Event "*** Titled Tuesday Blitz"]
[Site "Chess.com"]
[Date "2021.04.06"]
[Round "3"]
[White "ridnani2021"]
[Black "PrinceMurad09"]
[Result "0-1"]
[WhiteElo "2351"]
[BlackElo "2545"]
[TimeControl "180+1"]
[EndTime "10:24:50 PDT"]
[Termination "PrinceMurad09 won by resignation"]

1. e4 c5 2. Nf3 d6 3. d4 cxd4 4. Qxd4 e5 5. Qd1 h6 6. Nc3 Nf6 7. Bc4 Be7 8. O-O O-O 9. h3 a6 10. a4 Nc6 11. Be3 Be6 12. Qe2 Rc8 13. Bxe6 fxe6 14.
Rfd1 Qe8 15. a5 Nh5 16. g3 Qf7 17. Nd2 Nf4 18. gxf4 exf4 19. Bb6 f3 20. Qf1 Ne5 21. Bd4 Bf6 22. Kh1 Qh5 23. Bxe5 Bxe5 24. Nb3 Rf4 25. Rd3 Rh4 26. Rxf3 Qxf3+ 27. Qg2 Rxh3+ 28. Kg1 Qh5 29. Na4 Rh2 0-1

[Event "*** Titled Tuesday Blitz"]
[Site "Chess.com"]
[Date "2021.04.06"]
[Round "3"]
[White "CakeinSpace2002"]
[Black "WiktoriaPOL"]
[Result "1-0"]
[WhiteElo "2317"]
[BlackElo "2035"]
[TimeControl "180+1"]
[EndTime "10:24:50 PDT"]
[Termination "CakeinSpace2002 won by resignation"]

1. e4 c5 2. Nf3 d6 3. d4 cxd4 4.
Nxd4 Nf6 5. Nc3 a6 6. Bg5 Nbd7 7. f4 e6 8. Qe2 Be7 9. O-O-O h6 10. Bh4 Qc7 11.
g3 b5 12. Bg2 Bb7 13. Rhe1 O-O 14. e5 dxe5 15. fxe5 Bxg2 16. exf6 Bxf6 17. Bxf6 Nxf6 18. Qxg2 b4 19. Ne4 Nxe4 20. Qxe4 Rac8 21. Re2 Rfd8 22. Rf1 e5 23. Nf5 Qc5 24. Qxe5 Qxe5 25. Rxe5 1-0

[Event "*** Titled Tuesday Blitz"]
[Site "Chess.com"]
[Date "2021.04.06"]
[Round "3"]
[White "Caisachess"]
[Black "WinOrTilt"]
[Result "0-1"]
[WhiteElo "2407"]
[BlackElo "2228"]
[TimeControl "180+1"]
[EndTime "10:24:52 PDT"]
[Termination "WinOrTilt won by resignation"]

1. e4 c6 2. Nc3 d5 3. Nf3 dxe4 4. Nxe4 Bf5 5. Ng3 Bg6 6. Bc4 e6 7. h4 h6 8. d4 Nd7 9. h5 Bh7 10. c3 Bd6 11. Ne4 Bxe4 12. Qe2 Bd5 13. Bd3 Bxf3 14.
Qxf3 Qf6 15. Qe2 O-O-O 16. Be3 Kb8 17. b4 Bf4 18. a4 Bxe3 19. fxe3 Ne7 20. Rf1 Qg5 21.
Rxf7 Rhf8 22. Rxf8 Rxf8 23. O-O-O Qg3 24. a5 Rf2 25. Qe1 Qxg2 26. Bc4 0-1

[Event "*** Titled Tuesday Blitz"]
[Site "Chess.com"]
[Date "2021.04.06"]
[Round "3"]
[White "Louis64"]
[Black "powermove"]
[Result "1-0"]
[WhiteElo "2270"]
[BlackElo "1644"]
[TimeControl "180+1"]
[EndTime "10:24:54 PDT"]
[Termination "Louis64 won by resignation"]

1. e4 e5 2. Nf3 Nc6 3. d4 exd4 4. Nxd4 Nf6 5. Nc3 Bb4 6. Nxc6 bxc6 7. Bd3 d5 8. exd5 O-O 9. O-O Bg4 10. f3 Bh5 11.
dxc6 Qd4+ 12. Kh1 Qh4 13. Qe1 Qd4 14. Be3 Qd6 15. Rd1 Qxc6 16. Qh4 Bxc3 17. bxc3 Qxc3 18. Bd4 Qb4 19. Bxf6 1-0

[Event "*** Titled Tuesday Blitz"]
[Site "Chess.com"]
[Date "2021.04.06"]
[Round "3"]
[White "gmcorrales"]
[Black "babyking1205"]
[Result "1-0"]
[WhiteElo "2796"]
[BlackElo "2569"]
[TimeControl "180+1"]
[EndTime "10:25:05 PDT"]
[Termination "gmcorrales won by resignation"]

1. e4 c5 2. Nf3 d6 3. d4 cxd4 4. Nxd4 Nf6 5. Nc3 a6 6. Be3 e5 7. Nb3 Be7 8. f3 Be6 9. Qd2 h5 10. O-O-O Nbd7 11. Nd5 Nxd5 12. exd5 Bf5 13. Bd3 Bxd3 14.
Qxd3 Bg5 15. Kb1 Rc8 16. h4 Bxe3 17. Qxe3 O-O 18. g4 f5 19. gxh5 f4 20. Qd3 Qf6 21.
Rhg1 Qf5 22. Qe2 Qxh5 23. Rg5 Qh6 24. Rdg1 Rf7 25. Rg6 Qxh4 26. Qg2 Qh7 27. Rh1 1-0

[Event "*** Titled Tuesday Blitz"]
[Site "Chess.com"]
[Date "2021.04.06"]
[Round "3"]
[White "ethylalcohol"]
[Black "Bodnar_Mykola"]
[Result "0-1"]
[WhiteElo "2126"]
[BlackElo "2488"]
[TimeControl "180+1"]
[EndTime "10:25:08 PDT"]
[Termination "Bodnar_Mykola won by resignation"]

1. d4 Nf6 2. Nf3 g6 3. Bf4 Bg7 4. Nc3 d5 5. Qd2 Ne4 6. Qe3 Nxc3 7. Qxc3 Nc6 8. e3 O-O 9. O-O-O Bf5 10. h3 a5 11. g4 Be4 12. Be2 Nb4 13. Qxc7 Qxc7 14. Bxc7 Rfc8 15. Be5 Rxc2+ 16. Kb1 Rxe2+ 17. Ka1 Nc2+ 18. Kb1 Nxd4+ 19. Ka1 Nc2+ 20. Kb1 Nxe3+ 21. Ka1 Nxd1 22. Rxd1 Bxf3 23. Bxg7 Kxg7 0-1

[Event "*** Titled Tuesday Blitz"]
[Site "Chess.com"]
[Date "2021.04.06"]
[Round "3"]
[White "NFork"]
[Black "MustafayevFarid2004"]
[Result "1-0"]
[WhiteElo "2068"]
[BlackElo "2464"]
[TimeControl "180+1"]
[EndTime "10:25:08 PDT"]
[Termination "NFork won by resignation"]

1. Nf3 d5 2. b3 c6 3. Bb2 Nf6 4. e3 g6 5. c4 Bg7 6. cxd5 cxd5 7. Be2 O-O 8. O-O Nc6 9. d4 Bg4 10. Nc3 e6 11. Ne5 Bxe2 12. Qxe2 Nxe5 13. dxe5 Nd7 14. f4 a6 15. e4 d4 16. Nd1 Nc5 17.
Nf2 d3 18. Qe3 Rc8 19. Rfd1 Qa5 20. Nxd3 Nxd3 21. Rxd3 Rc2 22. Bc3 Qa3 23. Rd2 Rc1+ 24. Rxc1 Qxc1+ 25. Kf2 Bh6 26. Bb4 Rc8 27. Rd8+ 1-0

[Event "*** Titled Tuesday Blitz"]
[Site "Chess.com"]
[Date "2021.04.06"]
[Round "3"]
[White "Treacherous_horse64"]
[Black "lukazz029"]
[Result "1-0"]
[WhiteElo "2410"]
[BlackElo "2121"]
[TimeControl "180+1"]
[EndTime "10:25:08 PDT"]
[Termination "Treacherous_horse64 won by resignation"]

1. d4 Nf6 2. c4 g6 3. Nc3 Bg7 4.
e4 d6 5. f3 O-O 6. Be3 e5 7. Nge2 Nc6 8. d5 Ne7 9. g4 Nd7 10. Ng3 a5 11. h4 f5 12. gxf5 gxf5 13. exf5 Nxf5 14. Nxf5 Rxf5 15. Bd3 Rf7 16. Ne4 Kh8 17.
Ng5 Re7 18. Bxh7 Nf6 19. Bg6 c5 20. Nf7+ Rxf7 21. Bxf7 Qe7 22. Bg6 e4 23. fxe4 Nxe4 24. Qh5+ 1-0

[Event "*** Titled Tuesday Blitz"]
[Site "Chess.com"]
[Date "2021.04.06"]
[Round "3"]
[White "SilviusTiberius"]
[Black "volkanyirik"]
[Result "1-0"]
[WhiteElo "2598"]
[BlackElo "2412"]
[TimeControl "180+1"]
[EndTime "10:25:11 PDT"]
[Termination "SilviusTiberius won by resignation"]

1. e4 c5 2. Nf3 d6 3. d4 cxd4 4. Nxd4 Nf6 5. Nc3 e6 6. g4 h6 7. h4 Nc6 8. Rg1 h5 9. gxh5 Nxh5 10. Bg5 Nf6 11. Nxc6 bxc6 12. Qf3 Be7 13. O-O-O Qb6 14.
e5 dxe5 15. Ne4 Rb8 16. b3 Ba3+ 17. Kb1 Nd5 18. c4 f5 19. cxd5 fxe4 20. Qxe4 cxd5 21. Qg6+ Kf8 22. Bf6 Qxf2 23. Qxg7+ Ke8 24. Qxh8+ Kd7 25. Qh7+ Kd6 26. Be7+ Kc6 27. Bxa3 Qxg1 28. Bb5+ 1-0

[Event "*** Titled Tuesday Blitz"]
[Site "Chess.com"]
[Date "2021.04.06"]
[Round "3"]
[White "morte-negra"]
[Black "FeketeBarika"]
[Result "0-1"]
[WhiteElo "1937"]
[BlackElo "2282"]
[TimeControl "180+1"]
[EndTime "10:25:16 PDT"]
[Termination "FeketeBarika won by resignation"]

1. e4 e6 2. d4 d5 3. e5 c5 4.
c3 Nc6 5. Nf3 Bd7 6. Be2 Nh6 7. Na3 f6 8. O-O Nf7 9. exf6 Qxf6 10.
dxc5 Bxc5 11. Nc2 O-O 12. Be3 Bxe3 13. fxe3 Rad8 14. Ncd4 Nce5 15. Qc2 Ng4 16. e4 Ne3 17. Qd3 Nxf1 18. exd5 e5 19. Nc2 Bf5 0-1

[Event "*** Titled Tuesday Blitz"]
[Site "Chess.com"]
[Date "2021.04.06"]
[Round "3"]
[White "jacky72"]
[Black "Titus369"]
[Result "1-0"]
[WhiteElo "2731"]
[BlackElo "2508"]
[TimeControl "180+1"]
[EndTime "10:25:29 PDT"]
[Termination "jacky72 won by resignation"]

1. d4 d5 2. c4 e6 3. Nc3 Nf6 4.
Bg5 Be7 5. cxd5 exd5 6. Qc2 c6 7.
e3 Nbd7 8. Bd3 Nh5 9. Bxe7 Qxe7 10. Nf3 Nf4 11. Bf1 Nf6 12. O-O-O Ne6 13. Kb1 g6 14. Ne5 O-O 15. h4 Ng7 16. Bd3 Bf5 17. f3 Bxd3 18.
Qxd3 Nf5 19. g4 Nd6 20. h5 Kg7 21. hxg6 hxg6 22. Rh2 Rh8 23. Rdh1 Rxh2 24. Rxh2 Rh8 25. Rxh8 Kxh8 26. Qxg6 fxg6 27. Nxg6+ Kg7 28. Nxe7 Nh7 29.
e4 dxe4 30. fxe4 Kf6 31. Nf5 Nxf5 32. gxf5 Kg5 33. Kc2 Kf4 34. Kd3 Nf6 35. Ne2+ Kg4 36. e5 Nd5 37. f6 1-0

[Event "*** Titled Tuesday Blitz"]
[Site "Chess.com"]
[Date "2021.04.06"]
[Round "3"]
[White "Marianov_Podstavnikov"]
[Black "catalin009"]
[Result "1-0"]
[WhiteElo "2340"]
[BlackElo "2521"]
[TimeControl "180+1"]
[EndTime "10:25:37 PDT"]
[Termination "Marianov_Podstavnikov won by resignation"]

1. e4 e5 2. Nf3 Nc6 3. Bc4 Nf6 4.
d4 exd4 5. e5 d5 6. Bb5 Ne4 7.
Nxd4 Bd7 8. Bxc6 bxc6 9. O-O Bc5 10. Be3 Bb6 11. f3 Ng5 12. f4 Ne4 13. Nd2 Nxd2 14. Qxd2 O-O 15. Nb3 f6 16. Qc3 fxe5 17. fxe5 Qg5 18.
Nc5 Bxc5 19. Bxc5 Rxf1+ 20. Rxf1 Re8 21. Qf3 Qd8 22. Qf7+ Kh8 23. Bf8 Qg5 24. Qxd7 Qxe5 25. Bxg7+ 1-0

[Event "*** Titled Tuesday Blitz"]
[Site "Chess.com"]
[Date "2021.04.06"]
[Round "3"]
[White "YoreDea"]
[Black "DrVelja"]
[Result "1-0"]
[WhiteElo "2635"]
[BlackElo "2863"]
[TimeControl "180+1"]
[EndTime "10:25:48 PDT"]
[Termination "YoreDea won by resignation"]

1. e4 c6 2. d4 d5 3. e5 Bf5 4. Nc3 e6 5. g4 Bg6 6. h4 h5 7. Nge2 c5 8. Nf4 Nc6 9. Nxg6 fxg6 10. Ne2 cxd4 11. Nxd4 Nxd4 12. Qxd4 Qb6 13. Qxb6 axb6 14. Bb5+ Kf7 15. g5 Bc5 16. c3 Be7 17. Rh3 Bd8 18.
Rf3+ Ke7 19. a4 Bc7 20. c4 Rf8 21. Rd3 dxc4 22. Rd7+ 1-0